 Dungeon Crawl Stone Soup version 0.32-a0-612-g1c984fe9d1 (webtiles) character file.

Game seed: 15215982402923133597

15 sleeves the Slasher (level 2, 0/22 (24) HPs)
             Began as an Armataur Gladiator on Mar 4, 2024.
             Slain by Natasha (1 damage)
             ... on level 2 of the Dungeon.
             The game lasted 00:00:58 (760 turns).

sleeves the Slasher (Armataur Gladiator)             Turns: 760, Time: 00:00:59

HP:   0/22 (24)     AC:  5    Str: 19    XL:     2   Next: 34%
MP:   2/2           EV:  9    Int:  8    God:
Gold: 54            SH:  0    Dex: 11    Spells: 1/1 levels left

rFire   . . .        n - +0 dagger (drain)
rCold   . . .        (no shield)
rNeg    . . .        b - +0 leather armour
rPois   .            c - +0 helmet
rElec   .            (no cloak)
rCorr   .            (no gloves)
SInv    .            (no barding)
Will    .....        (no amulet)
Stlth   +            (no ring)
HPRegen 0.23/turn    (no ring)
MPRegen 0.08/turn

%: roll
@: drained
A: large, deformed body, tough skin 3, armoured tail, roll 1
a: no special abilities


You were on level 2 of the Dungeon.
You visited 1 branch of the dungeon, and saw 2 of its levels.

You collected 54 gold pieces.

Inventory:

Hand Weapons
 a - a +0 long sword
 n - a +0 dagger of draining (weapon)
   (You took it off a kobold on level 2 of the Dungeon)
Missiles
 d - a throwing net (quivered)
 e - a javelin
Armour
 b - a +0 leather armour (worn)
 c - a +0 helmet (worn)
 g - a +0 chain mail
   (You found it on level 1 of the Dungeon)
Jewellery
 l - a ring of fire
   (You found it on level 1 of the Dungeon)
Scrolls
 i - a scroll of noise {unknown}
Potions
 f - 3 potions of ambrosia {unknown}
 h - a potion of mutation {unknown}
 j - a potion of heal wounds {unknown}
 k - 2 potions of lignification {unknown}
 m - a potion of degeneration {unknown}


   Skills:
 - Level 1.7 Fighting
 + Level 3.4 Long Blades
 - Level 1.7 Throwing
 - Level 2.1 Dodging


You had one spell level left.
You didn't know any spells.
Your spell library was empty.

Dungeon Overview and Level Annotations

Branches:
Dungeon (2/15)

Altars:

Annotations:
D:2 Natasha


Innate Abilities, Weirdness & Mutations

Armour fits poorly on your strangely shaped body.
You have extremely tough skin. (AC +3)
You have a long armoured tail.
You regenerate magic when rolling toward enemies. (Rampage MPRegen)


Message History

Welcome, sleeves the Armataur Gladiator.
It is said that the Orb of Zot exists deep within this dungeon.
Press ? for a list of commands and other information.
Found a staircase leading out of the dungeon.
You open the door.
There is an open door here.
You open the door.
There is an open door here.
You open the door.
There is an open door here.
f - a bubbling dark potion You open the gate.
There is an open gate here.
Found a stone staircase leading down.
There is a stone staircase leading down here.
Found a club.
A bat comes into view.
A bat is nearby!
A bat is nearby!
Found a chain mail.
The bat barely misses you.
A hobgoblin and a goblin come into view.
The goblin shouts!
The bat hits you but does no damage. x2; The bat completely misses you.
You hit the bat.
The bat is severely wounded.
The bat hits you. The bat hits you but does no damage.
You closely miss the bat.
The bat is severely wounded.
The bat hits you but does no damage. The bat hits you.
The bat barely misses you.
You hit the bat but do no damage.
Your tail-slap misses the bat.
The bat is moderately wounded.
The bat closely misses you. The bat hits you but does no damage. x2
You barely miss the bat.
The bat is moderately wounded.
The bat misses you. The bat barely misses you.
You closely miss the bat.
The bat is moderately wounded.
The bat barely misses you. x2
You barely miss the bat.
Your tail-slap misses the bat.
The bat hits you. The bat barely misses you.
You miss the bat.
Your tail-slap misses the bat.
The bat hits you. The bat hits you but does no damage. x2
You slash the bat!
You kill the bat!
You hit the hobgoblin.
You kill the hobgoblin!
You closely miss the goblin. You tail-slap the goblin.
You kill the goblin!
Your Long Blades skill increases to level 3!
You swing at nothing.
You swing at nothing.
You swing at nothing.
You swing at nothing.
You swing at nothing.
You swing at nothing.
You swing at nothing.
You swing at nothing.
You swing at nothing.
You swing at nothing.
You swing at nothing.
You swing at nothing.
You swing at nothing.
Items here: ) †††.
Found 10 gold pieces.
Found 17 gold pieces.
You see here a +0 chain mail.
g - a +0 chain mail You start removing your armour.
You continue removing your +0 leather armour. x4
You finish removing your +0 leather armour.
You start putting on your armour.
You continue putting on your +0 chain mail. x5
You finish putting on your +0 chain mail.
You now have 17 gold pieces.
You now have 27 gold pieces (gained 10).
A ball python comes into view.
The ball python hisses angrily.
A ball python is nearby!
A ball python is nearby!
You hit the ball python.
The ball python is severely wounded.
The ball python bites you but does no damage.
You closely miss the ball python.
The ball python is severely wounded.
The ball python completely misses you.
The ball python bites you but does no damage.
You hit the ball python.
You kill the ball python!
No target in view!
No target in view!
No target in view!
No target in view!
No target in view!
No target in view!
Found a stone staircase leading down.
Found an escape hatch in the floor.
A hobgoblin comes into view.
Found 4 boomerangs and a leather armour.
The hobgoblin shouts!
You see here a scroll labelled MIDEBE OGERO.
You roll towards the hobgoblin!
You barely miss the hobgoblin.
The hobgoblin hits you but does no damage.
You slash the hobgoblin!
You kill the hobgoblin!
No target in view!
No target in view!
You start removing your armour.
You continue removing your +0 chain mail. x4
You finish removing your +0 chain mail.
You start putting on your armour.
You continue putting on your +0 leather armour. x5
You finish putting on your +0 leather armour.
h - a lumpy puce potion
i - a scroll labelled MIDEBE OGERO
Found 4 large rocks.
You see here 4 large rocks.
f - 3 bubbling dark potions (gained 2)
Found a robe.
A ball python comes into view.
The ball python hisses angrily.
A ball python is nearby!
A ball python is nearby!
A ball python is nearby!
You slash the ball python!
You kill the ball python!
No target in view!
No target in view!
No target in view!
No target in view!
No target in view!
You see here a ball python corpse.
A ball python comes into view.
Found a gluggy clear potion.
The ball python hisses angrily.
A ball python is nearby!
A ball python is nearby!
You barely miss the ball python. You tail-slap the ball python.
The ball python is moderately wounded.
The ball python bites you but does no damage.
You closely miss the ball python.
The ball python is moderately wounded.
The ball python bites you but does no damage.
The ball python barely misses you.
You closely miss the ball python. You tail-slap the ball python.
The ball python is severely wounded.
The ball python bites you but does no damage.
You barely miss the ball python.
Your tail-slap misses the ball python.
The ball python is severely wounded.
The ball python barely misses you. The ball python closely misses you.
You hit the ball python.
You kill the ball python!
No target in view!
No target in view!
No target in view!
j - a glowing white potion
k - a gluggy clear potion A rat comes into view.
The rat squeaks loudly.
You roll towards the rat!
You barely miss the rat. The rat barely misses you.
You closely miss the rat. The rat barely misses you.
You closely miss the rat. The rat bites you but does no damage.
You slash the rat!
You kill the rat!
You have reached level 2!
You see here a rat corpse.
Found a stone staircase leading down.
There is a stone staircase leading down here.
l - a ring of fire
There is a stone staircase leading down here.
m - a metallic puce potion No target in view!
You now have 37 gold pieces (gained 10).
There is a stone staircase leading down here.
You see here a ball python corpse.
You see here a +0 robe.
k - 2 gluggy clear potions (gained 1)
You now have 54 gold pieces (gained 17).
An endoplasm comes into view.
An endoplasm is nearby!
You roll towards the endoplasm!
The endoplasm quivers.
You roll towards the endoplasm!
You hit the endoplasm but do no damage.
The endoplasm hits you but does no damage.
You hit the endoplasm. You tail-slap the endoplasm.
You kill the endoplasm!
No target in view!
No target in view!
No target in view!
No target in view!
No target in view!
No target in view!
No target in view!
Found a dagger.
A frilled lizard comes into view.
A frilled lizard is nearby!
The frilled lizard bites you.
You hit the frilled lizard.
You kill the frilled lizard!
No target in view!
No target in view!
No target in view!
No target in view!
No target in view!
No target in view!
No target in view!
You see here a ball python skeleton.
You open the door.
There is an open door here.
Done exploring.
Done exploring.
Done exploring.
No target in view!
There is a stone staircase leading down here.
You climb downwards.
Found a dagger.
There is a stone staircase leading up here.
A frilled lizard comes into view.
The frilled lizard hisses angrily.
A frilled lizard is nearby!
A frilled lizard is nearby!
You roll towards the frilled lizard!
A kobold comes into view. It is wielding a +0 dagger of draining.
You barely miss the frilled lizard. The frilled lizard bites you.
You barely miss the frilled lizard.
The frilled lizard bites you but does no damage.
You completely miss the frilled lizard. The frilled lizard closely misses you.
You closely miss the frilled lizard. The frilled lizard barely misses you.
You closely miss the kobold. The frilled lizard barely misses you.
The kobold hits you but does no damage.
You feel drained.
The frilled lizard bites you but does no damage.
The kobold hits you but does no damage.
You feel drained.
You barely miss the kobold.
The frilled lizard completely misses you.
The kobold hits you with a +0 dagger of draining.
You feel drained.
You slash the kobold!
You kill the kobold!
The frilled lizard bites you but does no damage.
You hit the frilled lizard.
You kill the frilled lizard!
No target in view!
No target in view!
No target in view!
No target in view!
No target in view!
Things that are here:
a +0 dagger of draining; 5 stones
n - a +0 dagger of draining HP restored.
Found a leather armour.
A hobgoblin comes into view.
A hobgoblin is nearby!
You sense an unholy aura.
n - a +0 dagger of draining (weapon)
You roll towards the hobgoblin!
You roll towards the hobgoblin!
You hit the hobgoblin.
The hobgoblin is moderately wounded.
The hobgoblin barely misses you.
You barely miss the hobgoblin.
The hobgoblin is moderately wounded.
The hobgoblin closely misses you.
You hit the hobgoblin. You drain the hobgoblin.
You kill the hobgoblin!
No target in view!
No target in view!
No target in view!
No target in view!
No target in view!
You see here a hobgoblin corpse.
You see here a +0 leather armour.
You see here a hobgoblin corpse.
Found an escape hatch in the floor.
A giant cockroach comes into view.
Found a leather armour.
Found a stone staircase leading down.
A giant cockroach is nearby!
Found a club.
The giant cockroach closely misses you. x2
You closely miss the giant cockroach. The giant cockroach closely misses you.
You closely miss the giant cockroach. The giant cockroach closely misses you.
You hit the giant cockroach but do no damage.
You drain the giant cockroach.
The giant cockroach is heavily wounded.
The giant cockroach bites you but does no damage.
You hit the giant cockroach.
You kill the giant cockroach!
No target in view!
No target in view!
No target in view!
You see here a giant cockroach corpse.
There is a stone staircase leading down here.
Found a stone staircase leading up.
Natasha, Servant of Life and Death comes into view.
She is carrying a wand of warping.
Natasha hisses angrily.
A hobgoblin comes into view.
Natasha zaps a wand.
Space twists violently!
The rupture engulfs you!
You blink.
The rupture engulfs you!
You blink.
* * * LOW HITPOINT WARNING * * *
The hobgoblin shouts!
There are monsters nearby!
Okay, then.
Throw: 3 throwing nets
Press: ? - help, Q - select action, (/) - cycle Shift-Dir - straight line, f - Natasha
Aim: Natasha, carrying a wand of warping (40% to hit)
You throw a throwing net.
The throwing net closely misses Natasha.
The throwing net hits the hobgoblin.
The hobgoblin is caught in the net!
The hobgoblin struggles against the net.
Natasha stares at you and mumbles some strange words.
The magic dart hits you.
* * * LOW HITPOINT WARNING * * *
Throw: 2 throwing nets
Press: ? - help, Q - select action, (/) - cycle Shift-Dir - straight line, f/p - Natasha
Aim: Natasha, carrying a wand of warping (40% to hit)
You throw a throwing net. The throwing net barely misses Natasha.
The throwing net hits the hobgoblin.
The hobgoblin struggles against the net.
Natasha claws you.
You die...
Natasha begins licking her fur clean.

#........# .
##.....###
##.#...
#.....##
..$....
#......#
####......
#......###....#
..
####.#...$..##
#.# #.######..#
..# . #.
##.##.##.... #.
#..@....... #.
####h##.... #.
.g. . .#...
...### .. . ...
. ... ..


You could see Natasha and a hobgoblin (caught).

Vanquished Creatures
  A bat (D:1)
  An endoplasm (D:1)
  A giant cockroach (D:2)
  A goblin (D:1)
  3 hobgoblins
  A kobold (D:2)
  3 ball pythons (D:1)
  2 frilled lizards
  A rat (D:1)
14 creatures vanquished.

Notes
Turn   | Place    | Note
-------+----------+-------------------------------------------
     0 | D:1      | sleeves the Armataur Gladiator began the quest for the Orb.
     0 | D:1      | Reached XP level 1. HP: 17/17 MP: 1/1
   135 | D:1      | Reached skill level 3 in Long Blades
   353 | D:1      | Reached XP level 2. HP: 24/24 MP: 2/2
   758 | D:2      | Noticed Natasha
   758 | D:2      | HP: 6/22 [Natasha/rupture (8)]
   759 | D:2      | HP: 1/22 [Natasha/magic dart (6)]
   760 | D:2      | Slain by Natasha

Illustrated notes

Levels and vault maps discovered:
D:1:      scummos_arrival_gate, layout_basic, minmay_tiny_reverse_x
D:2:      layout_rooms, serial_shops, shop, uniq_natasha

Skill      XL: |  1 |
---------------+----+-----
Long Blades    | 3 |  3.4
Fighting       | |  1.7
Throwing       | |  1.7
Dodging        | |  2.1

Action                     || total
---------------------------++-------
  Melee: Long sword        ||    36
         Tailslap          ||     4
         Dagger            ||     7
  Throw: Throwing net      ||     2
 Armour: Leather armour    ||    30
         Chain mail        ||     3
  Dodge: Dodged            ||    25

Table legend: (Time is in decaauts)
 A = Elapsed time spent in this place.
 B = Non-inter-level travel time spent in this place.
 C = Inter-level travel time spent in this place.
 D = Time resting spent in this place.
 E = Time spent auto-exploring this place.
 F = Levels seen in this place.
 G = Mean time per level.
                   A        B        C        D        E       F      G
               +--------+--------+--------+--------+--------+-----+--------+
         Total |    771 |    761 |     10 |      0 |    615 |   2 |  385.5 |
       Dungeon |    771 |    761 |     10 |      0 |    615 |   2 |  385.5 |
               +--------+--------+--------+--------+--------+-----+--------+

Top non-repeatable levels by time:
     D:1: 660 daAuts
     D:2: 110 daAuts
